 Dungeon Crawl Stone Soup version 0.20-b1-18-gaa2fd62 (webtiles) character file.

341 doot the Grave Robber (level 6, -7/42 HPs)
             Began as a Vampire Necromancer on May 24, 2017.
             Mangled by an orc
             ... wielding a +2 whip of electrocution
              (17 damage)
             ... on level 4 of the Dungeon.
             The game lasted 00:21:21 (4239 turns).

doot the Grave Robber (Vampire Necromancer)         Turns: 4239, Time: 00:21:22

Health: -7/42      AC:  3    Str:  7    XL:     6   Next: 30%
Magic:  8/11       EV: 14    Int: 18    God:
Gold:   215        SH:  0    Dex: 16    Spells: 3/12 levels left

rFire    . . .     SeeInvis +   i - +0 spear (vamp)
rCold    . . .     Gourm    .   (no shield)
rNeg     + . .     Faith    .   n - +1 robe
rPois    .         Spirit   .   (no helmet)
rElec    .         Reflect  .   (no cloak)
rCorr    .         Harm     .   (no gloves)
MR       .....                  (no boots)
Stlth    +++.......             e - amulet of rage
Regen    0.2/turn               (no ring)
MPRegen  0.2/turn               (no ring)

@: no status effects
A: fangs 3, see invisible, unbreathing
a: Bat Form, Evoke Berserk Rage


You were on level 4 of the Dungeon.
You were not thirsty.

You visited 1 branch of the dungeon, and saw 4 of its levels.

You collected 215 gold pieces.

Inventory:

Hand Weapons
 i - a +0 vampiric spear (weapon)
 j - a +0 dagger
 r - a +0 blowgun
Missiles
 p - 14 poisoned needles
Armour
 a - a +0 robe
 n - a +1 robe (worn)
Jewellery
 e - an amulet of rage (around neck)
 k - an uncursed ring of teleportation
Wands
 m - a wand of polymorph (21/24)
Scrolls
 d - 3 scrolls of teleportation
 h - 2 scrolls of identify
 o - a scroll of blinking {unknown}
 s - a scroll of recharging
Potions
 c - 6 potions of blood
 f - 3 potions of curing
 g - 2 potions of brilliance {unknown}
 l - a potion of magic {unknown}
 t - a potion of degeneration {unknown}
Books
 b - a book of Necromancy

   Spells                             Type                      Level
   a - Pain                           Necromancy                   1
   b - Animate Skeleton               Necromancy                   1
   c - Vampiric Draining              Necromancy                   3
   d - Regeneration                   Charms/Necromancy            3
   e - Animate Dead                   Necromancy                   4
   f - Control Undead                 Necromancy                   4
 q - a book of Changes

   Spells                             Type                      Level
   a - Beastly Appendage              Transmutation                1
   b - Sticks to Snakes               Transmutation                2
   c - Spider Form                    Transmutation/Poison         3
   d - Ice Form                       Ice/Transmutation            4
   e - Blade Hands                    Transmutation                5


   Skills:
 + Level 0.3 Fighting
 + Level 0.4 Short Blades
 + Level 0.3 Polearms
 * Level 3.4 Dodging
 + Level 3.4 Stealth
 + Level 3.8 Spellcasting
 + Level 0.4 Charms
 * Level 6.2 Necromancy
 * Level 1.3 Transmutations
 + Level 0.1 Evocations


You had 3 spell levels left.
You knew the following spells:

 Your Spells              Type           Power        Failure   Level  Hunger
a - Pain                  Necr           ####         1%          1    None
b - Regeneration          Chrm/Necr      ###.......   12%         3    ###....
c - Control Undead        Necr           ####......   12%         4    ####...
d - Beastly Appendage     Tmut           #.....       9%          1    None


Dungeon Overview and Level Annotations

Branches:
Dungeon (4/15)
 Temple: D:4-7

Altars:
Ashenzari

Annotations:
D:4 miragecloak's ghost, amateur OpTm


Innate Abilities, Weirdness & Mutations

You have razor-sharp teeth.
You have supernaturally acute eyesight. (SInv)
You can survive without breathing.


Message History

The orc is almost dead.
The orc hits you with a club.
* * * LOW HITPOINT WARNING * * *
The orc completely misses you.
An orc comes into view. It is wielding a whip of electrocution.
You closely miss the orc.
The orc is almost dead.
Your skin stops crawling.
The orc hits you but does no damage. The orc barely misses you.
The orc shouts!
You hit the orc.
You kill the orc!
You feel better. The orc hits you but does no damage.
The orc closely misses you.
You completely miss the orc. The orc closely misses you. The orc misses you.
You completely miss the orc. The orc completely misses you.
The orc hits you with a whip of electrocution.
* * * LOW HITPOINT WARNING * * *
You are electrocuted!
You die...

#........#
#...###..#.....#.#
#........#
#...###..#.#.###.#
#........#
#................#
#........#
#...####.#########
#........#
#.....##.#
###......#
#...#.##.# #
##.....#
#.###[##.# ##.#
#.##### ###.#.##.#
..... #.#
#@o.#.##.#s.w#.#
##.#
#o#.####.......#
#..#######.#.#
#?....#..
#..'....##.#o#
#.#.###
#..####.##.#..
...... #..#
#.##.### ....%#.
#..# #.##.#
#####.# .# #..#
#.##.# .. # ####
#.##.# ..


You could see 2 orcs.

Vanquished Creatures
  4 orc priests
  A centaur skeleton (D:4)
  An orc wizard (D:4)
  Jessica (D:2)
  5 adders
  A gnoll (D:2)
  A worm (D:3)
  2 leopard geckos (D:2)
  12 orcs
  4 giant cockroaches
  9 goblins
  4 hobgoblins
  10 jackals (D:2)
  3 kobolds
  2 ball pythons (D:2)
  5 bats
  6 frilled lizards
  15 rats
86 creatures vanquished.

Vanquished Creatures (collateral kills)
  A leopard gecko skeleton (D:4)
1 creature vanquished.

Vanquished Creatures (others)
  An ogre (D:4)
1 creature vanquished.

Grand Total: 88 creatures vanquished

Notes
Turn   | Place    | Note
-------+----------+-------------------------------------------
     0 | D:1      | doot the Vampire Necromancer began the quest for the Orb.
     0 | D:1      | Reached XP level 1. HP: 13/13 MP: 3/3
   538 | D:1      | Reached XP level 2. HP: 18/19 MP: 1/5
   989 | D:1      | Reached skill level 5 in Necromancy
  1114 | D:1      | You fall through a shaft!
  1143 | D:2      | Reached XP level 3. HP: 13/24 MP: 2/6
  1283 | D:2      | Found a shattered altar of Ashenzari.
  2074 | D:2      | Learned a level 3 spell: Regeneration
  2153 | D:2      | Reached XP level 4. HP: 26/30 MP: 8/8
  2317 | D:3      | Noticed Jessica
  2761 | D:2      | Killed Jessica
  2837 | D:3      | Learned a level 4 spell: Control Undead
  2851 | D:3      | Noticed an ice beast
  3313 | D:2      | Learned a level 1 spell: Beastly Appendage
  3527 | D:3      | Reached XP level 5. HP: 28/35 MP: 7/9
  3683 | D:4      | Noticed miragecloak's ghost (amateur OpTm)
  3762 | D:4      | Noticed an ogre
  3885 | D:3      | Reached skill level 1 in Transmutations
  3919 | D:4      | Reached XP level 6. HP: 25/42 MP: 3/11
  3937 | D:4      | Reached skill level 6 in Necromancy
  4239 | D:4      | Mangled by an orc

Skill      XL: |  1  2  3  4  5  6 |
---------------+-------------------+-----
Necromancy     | 5 6 |  6.2
Spellcasting   | 3 |  3.8
Dodging        | 3 |  3.4
Transmutations | 1 |  1.3
Fighting       | |  0.3
Short Blades   | |  0.4
Polearms       | |  0.3
Stealth        | |  3.4
Charms         | |  0.4
Evocations     | |  0.1

Action                   |  1- 3 |  4- 6 || total
-------------------------+-------+-------++-------
Melee: Unarmed           |    18 |       ||    18
       Dagger            |    51 |    65 ||   116
       Hand axe          |     6 |       ||     6
       Bite              |     8 |     7 ||    15
       Spear             |       |    49 ||    49
       Kick              |       |     5 ||     5
 Cast: Pain              |    59 |    54 ||   113
       Regeneration      |       |    17 ||    17
       Beastly Appendage |       |     2 ||     2
       Control Undead    |       |     1 ||     1
 Abil: End Transformatio |     1 |     3 ||     4
       Bat Form          |     1 |     3 ||     4
       Evoke Berserk Rag |       |     2 ||     2
  Use: Potion            |     4 |     8 ||    12
       Scroll            |       |     5 ||     5
 Stab: Sleeping          |       |     1 ||     1
  Eat: Corpse            |       |     7 ||     7
Armor: Robe              |    19 |    17 ||    36
Dodge: Dodged            |    59 |   104 ||   163
